[Event "*** SCC Grand Prix: Titled Tuesday Blitz"]
[Site "Chess.com"]
[Date "2020.06.23"]
[Round "9"]
[White "floplover"]
[Black "crossingthestreet"]
[Result "1-0"]
[WhiteElo "2238"]
[BlackElo "2355"]
[TimeControl "180+1"]
[EndTime "11:46:11 PDT"]
[Termination "floplover won by checkmate"]

1. d4 Nf6 2. c4 e6 3. Nc3 Bb4 4. Qc2 b6 5. e4 c5 6. d5 d6 7. Bd3 O-O 8. Ne2 a6 9. O-O Bxc3 10. Nxc3 e5 11. f4 exf4 12. Bxf4 Qe7 13. e5 dxe5 14. Bg5 Nbd7 15. Bxh7+ Kh8 16. Ne4 Re8 17. Bf5 Qf8 18.
Nxf6 gxf6 19. Bxd7 fxg5 20. Bxe8 Qxe8 21. Rf6 Kg7 22.
Raf1 Qe7 23. Qf2 Ra7 24. h4 g4 25. h5 e4 26. h6+ Kh7 27. Rxf7+ Qxf7 28. Qxf7+ Rxf7 29. Rxf7+ Kxh6 30. d6 e3 31. d7 e2 32. Kf2 g3+ 33.
Kxe2 Bxd7 34. Rxd7 Kg5 35. Rd6 Kf4 36. Rxb6 Ke4 37.
Rxa6 Kd4 38. Rg6 Kxc4 39. Rxg3 Kb5 40. Rc3 c4 41. g4 Kb4 42. g5 Ka4 43. g6 Kb4 44. g7 Ka5 45. g8=Q Kb6 46. Qxc4 Kb7 47. Rb3+ Ka7 48. Qa4# 1-0

[Event "*** SCC Grand Prix: Titled Tuesday Blitz"]
[Site "Chess.com"]
[Date "2020.06.23"]
[Round "9"]
[White "Micki-taryan"]
[Black "Oleksandr_Bortnyk"]
[Result "1-0"]
[WhiteElo "3034"]
[BlackElo "2909"]
[TimeControl "180+1"]
[EndTime "11:46:12 PDT"]
[Termination "Micki-taryan won on time"]

1. d4 Nf6 2. Nf3 e6 3. c4 d5 4. Nc3 g6 5. Bf4 Bg7 6. e3 O-O 7. h3 Nc6 8. Be2 Ne7 9. O-O Re8 10. Nb5 dxc4 11. Nxc7 Ned5 12. Nxe8 Qxe8 13. Be5 b5 14.
Nd2 Bb7 15. Bf3 Rc8 16. Rc1 Qe7 17. Bxf6 Bxf6 18. Ne4 Bg7 19. Nc3 a6 20. a4 b4 21. Ne4 a5 22. Nc5 Rxc5 23. dxc5 Qxc5 24. Qe2 Ba6 25. Qc2 Nb6 26. Rfd1 Bf6 27. Be2 Qe5 28.
Rd4 Qc7 29. Rxc4 Nxc4 30. Bxc4 Bb7 31. Be2 Qe5 32. b3 Bd5 33. Qd1 Qb2 34. Rc8+ Kg7 35. Bc4 Be4 36. Qd6 Qa1+ 37. Bf1 Be5 38. Qf8+ Kf6 39.
Qh8+ Kg5 40. Qxe5+ Qxe5 41. f4+ Qxf4 42. exf4+ Kxf4 43. Rc5 Bd5 44. Rxa5 Bxb3 45. Rb5 1-0

[Event "*** SCC Grand Prix: Titled Tuesday Blitz"]
[Site "Chess.com"]
[Date "2020.06.23"]
[Round "9"]
[White "Kezin_Roman"]
[Black "GM_LOADING"]
[Result "1-0"]
[WhiteElo "2777"]
[BlackElo "2576"]
[TimeControl "180+1"]
[EndTime "11:46:13 PDT"]
[Termination "Kezin_Roman won by resignation"]

1. d4 Nf6 2. c4 e6 3. g3 Bb4+ 4. Bd2 a5 5. Bg2 d6 6. Nf3 Nbd7 7. O-O e5 8. Nc3 O-O 9. Qc2 Re8 10. Bg5 h6 11. Bxf6 Nxf6 12. dxe5 dxe5 13. Rfd1 Qe7 14. Nd2 c6 15. Nde4 Bf5 16. a3 Bc5 17. e3 Rad8 18. Qb3 Bxe4 19. Nxe4 Nxe4 20. Bxe4 Qc7 21. g4 Rxd1+ 22.
Rxd1 Rd8 23. Kg2 Rxd1 24. Qxd1 Qd6 25. Qf3 Qd2 26. Qf5 g6 27. Qxe5 Bxe3 28. Qg3 Bd4 29.
b3 Kg7 30. h4 Qb2 31. a4 c5 32.
Bxb7 Qd2 33. Bd5 Bf6 34. Qf3 Qc1 35. Qg3 Qc3 36. Qc7 Bxh4 37. Qxf7+ 1-0

[Event "*** SCC Grand Prix: Titled Tuesday Blitz"]
[Site "Chess.com"]
[Date "2020.06.23"]
[Round "9"]
[White "SilviusTiberius"]
[Black "BikingBrian"]
[Result "1-0"]
[WhiteElo "2400"]
[BlackElo "2259"]
[TimeControl "180+1"]
[EndTime "11:46:14 PDT"]
[Termination "SilviusTiberius won by resignation"]

1. e4 c5 2. Nf3 g6 3. d4 cxd4 4. Nxd4 Nc6 5. Nc3 Bg7 6. Be3 Nf6 7. Bc4 Qa5 8. O-O O-O 9. Bb3 d6 10. h3 Bd7 11. Re1 Rfe8 12. Nf3 Rac8 13. Bf4 Ne5 14. Nxe5 dxe5 15. Bg5 Red8 16. Qf3 Be6 17. Bxe6 fxe6 18.
Bxf6 Bxf6 19. Qg4 Kf7 20. Re2 Rd4 21. Rf1 Qb6 22. Nd5 exd5 23. Qxc8 Rxe4 24. Rxe4 dxe4 25. Qc4+ Kg7 26. Qb3 Qc5 27. Re1 Bh4 28. g3 Bf6 29.
Rxe4 Qc6 30. Qd3 Qb6 31. b3 a5 32. Kg2 Qc6 33. Qc4 Qd7 34. a4 h5 35. Qb5 Qd2 36.
Rc4 h4 37. g4 e4 38. Qxb7 e3 39. Qf3 e2 40. Re4 Qxc2 41. g5 Bxg5 42. Qxe2 Qc6 43. Qf3 Bf6 44. Rxe7+ Bxe7 45. Qxc6 1-0

[Event "*** SCC Grand Prix: Titled Tuesday Blitz"]
[Site "Chess.com"]
[Date "2020.06.23"]
[Round "9"]
[White "attack2mateU"]
[Black "TheNextLevelFan"]
[Result "1-0"]
[WhiteElo "2679"]
[BlackElo "2512"]
[TimeControl "180+1"]
[EndTime "11:46:15 PDT"]
[Termination "attack2mateU won on time"]

1. e4 e5 2. Nf3 Nc6 3. Bb5 a6 4. Ba4 Nf6 5. O-O Be7 6. Re1 b5 7. Bb3 O-O 8. a4 b4 9. d3 d6 10. Nbd2 Na5 11. Ba2 c5 12. c3 Rb8 13. cxb4 Rxb4 14.
Nc4 Rb8 15. Nxa5 Qxa5 16. Bd2 Qc7 17. Qc2 Qa7 18. h3 Bd7 19. Nh2 Rfc8 20. Nf1 Ne8 21. Bc4 Nc7 22. Ne3 Ne6 23. Nd5 Bf8 24. Bc3 Nd4 25.
Qd1 Be6 26. a5 Nc6 27. Qh5 Re8 28. Kh1 Qd7 29. Rf1 Qd8 30. f4 exf4 31. Rxf4 Ne5 32. Raf1 f6 33. Ne3 Nxc4 34. dxc4 Qd7 35. Qf3 Rb3 36.
Nd5 Reb8 37. Rxf6 Be7 38. Rf7 Rxc3 39. Nxe7+ 1-0

[Event "*** SCC Grand Prix: Titled Tuesday Blitz"]
[Site "Chess.com"]
[Date "2020.06.23"]
[Round "9"]
[White "pedromartinez91"]
[Black "temus_galaktionov"]
[Result "0-1"]
[WhiteElo "2499"]
[BlackElo "2691"]
[TimeControl "180+1"]
[EndTime "11:46:16 PDT"]
[Termination "temus_galaktionov won by checkmate"]

1. Nf3 c6 2. g3 g6 3. Bg2 Bg7 4. O-O d6 5. d4 Nd7 6. c4 e5 7.
Nc3 Ngf6 8. Qc2 O-O 9. Rd1 Qc7 10.
h3 Re8 11. dxe5 dxe5 12. e4 Nc5 13. Be3 Ne6 14. b4 b6 15. b5 Bb7 16. Rac1 Rac8 17. Qb1 Qb8 18. bxc6 Rxc6 19. Nd5 Nc5 20. Ne1 Qc8 21. Nd3 Ncxe4 22. N3b4 Rxc4 23. Rxc4 Qxc4 24. Rc1 Qe2 25. Nxf6+ Nxf6 26. Bxb7 e4 27. Ba6 Qf3 28. Qc2 h5 29. Be2 Qf5 30. Qc6 Qxh3 31. Bg5 Re6 32. Qc8+ Kh7 33. Bxf6 Bxf6 34. Rd1 Qf5 35. Nd5 Bg5 36.
Qd7 Kg7 37. Nc3 e3 38. f4 Bf6 39. Nd5 Qh3 40. Bf3 Qxg3+ 41. Bg2 e2 42. Rb1 e1=Q+ 43. Rxe1 Rxe1# 0-1

[Event "*** SCC Grand Prix: Titled Tuesday Blitz"]
[Site "Chess.com"]
[Date "2020.06.23"]
[Round "9"]
[White "Msb2"]
[Black "LuckIsMySkill"]
[Result "1-0"]
[WhiteElo "2849"]
[BlackElo "2719"]
[TimeControl "180+1"]
[EndTime "11:46:17 PDT"]
[Termination "Msb2 won on time"]

1. d4 d6 2. Nf3 g6 3. c4 Bg7 4.
Nc3 e5 5. e4 Bg4 6. dxe5 dxe5 7.
Qxd8+ Kxd8 8. Ng5 Nh6 9. h3 Bc8 10. c5 f6 11. Nf3 Be6 12. Be3 Nf7 13. O-O-O+ Kc8 14. Nd5 c6 15. Nc3 Nd7 16. b4 Bh6 17.
Bxh6 Nxh6 18. Kb2 a5 19. a3 axb4 20. axb4 Nf7 21. Nd2 b5 22. Be2 h5 23. Nf1 Kc7 24. Ne3 Rhd8 25. g3 Nb8 26. Ned5+ cxd5 27. exd5 Bd7 28.
d6+ Kb7 29. Nxb5 Nc6 30. Nc7 Nxb4 31. Nxa8 Rxa8 32. Ra1 Rb8 33. Kc3 Kc6 34. Rhd1 Kxc5 35. Ra5+ Bb5 36. d7 Nd5+ 37. Rxd5+ Kxd5 38. Bxb5 Kd6 39. Bc4 1-0

[Event "*** SCC Grand Prix: Titled Tuesday Blitz"]
[Site "Chess.com"]
[Date "2020.06.23"]
[Round "9"]
[White "Konavets"]
[Black "Enki007"]
[Result "1-0"]
[WhiteElo "3000"]
[BlackElo "2745"]
[TimeControl "180+1"]
[EndTime "11:46:18 PDT"]
[Termination "Konavets won on time"]

1. d4 d5 2. c4 dxc4 3. Nf3 a6 4. a4 Nf6 5. e3 e6 6. Bxc4 c5 7. O-O Nc6 8. Nc3 Be7 9. Qd3 O-O 10. Rd1 b6 11. Qe2 cxd4 12. exd4 Nb4 13. Ne5 Bb7 14. Bf4 Nbd5 15. Bg3 Nxc3 16. bxc3 Ne4 17. Rac1 Rc8 18. Bf4 b5 19. axb5 axb5 20. Nxf7 Kxf7 21. Qh5+ Kg8 22. Bxe6+ Kh8 23. Bxc8 Qxc8 24. Be5 Rxf2 25. Rf1 Rxf1+ 26. Rxf1 Nf6 27. Qf7 Qd8 28. Bxf6 Bxf6 29. Re1 Bc6 30. Qe6 Bd5 31. Qe8+ Qxe8 32. Rxe8+ Bg8 33.
Rb8 b4 34. Rxb4 h6 35. Kf2 Bd5 36. g3 Kg8 37. Ke3 h5 38. c4 Bg5+ 39. Kd3 Bf3 40.
d5 Kf7 41. Rb7+ Be7 42. Kd4 Kf6 43. c5 h4 44. gxh4 g6 45. Ra7 Bd8 46. Ra8 Ke7 47. Ke5 Kd7 48. c6+ Kc7 49. d6+ Kxc6 50. Rxd8 Bg4 51. Kf6 1-0

[Event "*** SCC Grand Prix: Titled Tuesday Blitz"]
[Site "Chess.com"]
[Date "2020.06.23"]
[Round "9"]
[White "ShahMatKanal"]
[Black "doons21"]
[Result "0-1"]
[WhiteElo "2396"]
[BlackElo "2546"]
[TimeControl "180+1"]
[EndTime "11:46:18 PDT"]
[Termination "doons21 won on time"]

1. d4 Nf6 2. c4 g6 3. Nc3 Bg7 4. e4 O-O 5. Be2 d6 6. Nf3 Qe8 7. O-O e5 8. Re1 c6 9. d5 c5 10. Nh4 Qe7 11. a3 a5 12. Rb1 Na6 13. Bg5 h6 14.
Be3 Ne8 15. g3 Kh7 16. Bg4 f5 17. exf5 gxf5 18. Bh5 Rf6 19. f4 e4 20. Kh1 Bh8 21. Rg1 Ng7 22. Be2 h5 23. Bxh5 Rh6 24. Be2 Bd7 25. Qe1 Rg8 26. Qf2 Ne8 27. Rg2 Nf6 28. Rbg1 Ng4 29. Bxg4 Rxg4 30. Nb5 Bxb5 31. cxb5 Nc7 32. a4 Qf7 33. Qd2 Nxd5 34. h3 Rg8 35. Rd1 Nxe3 36. Qxe3 b6 37. Kh2 d5 38. Qb3 c4 39.
Qe3 d4 40. Rxd4 Rxh4 41. gxh4 Rxg2+ 42. Kxg2 Qg7+ 43. Qg3 Qxg3+ 44. Kxg3 Bxd4 0-1

[Event "*** SCC Grand Prix: Titled Tuesday Blitz"]
[Site "Chess.com"]
[Date "2020.06.23"]
[Round "9"]
[White "GadimbayliA"]
[Black "Twitch_ElhamBlitz05"]
[Result "1-0"]
[WhiteElo "2879"]
[BlackElo "2764"]
[TimeControl "180+1"]
[EndTime "11:46:19 PDT"]
[Termination "GadimbayliA won on time"]

1. e4 c6 2. Nf3 d5 3. exd5 cxd5 4. d4 Nf6 5. Ne5 g6 6. c3 Bg7 7. Bd3 O-O 8. O-O Nc6 9. Nxc6 bxc6 10. Nd2 Bf5 11. Bxf5 gxf5 12. Re1 e6 13. Nf3 Ne4 14. Ne5 Rc8 15. Re3 f6 16. Nd3 e5 17. Qh5 f4 18. Rh3 Ng5 19. Rh4 Qe8 20. dxe5 Qxh5 21. Rxh5 Ne4 22. e6 f3 23. gxf3 Nd6 24. Bf4 Nc4 25.
b3 Ne5 26. Nxe5 fxe5 27. Bxe5 Bxe5 28. Rxe5 Rxf3 29. c4 dxc4 30. bxc4 Kf8 31. Rd1 Rc7 32.
Rd8+ Ke7 33. Rh8 Rh3 34. Rg8 Rh6 35. Rg7+ Kf6 36. e7 Rc8 37. Rgg5 Re8 38. Rgf5+ Kg7 39. c5 Rg6+ 40. Kf1 Rh6 41. Kg2 Rg6+ 42. Kf3 Rh6 43. Kg3 Rg6+ 44. Kf4 Rh6 45. Re3 Rh4+ 46. Kg3 Rh6 47. h4 Kg6 48. Rf8 1-0

[Event "*** SCC Grand Prix: Titled Tuesday Blitz"]
[Site "Chess.com"]
[Date "2020.06.23"]
[Round "9"]
[White "zaur-mammadov"]
[Black "eCztery"]
[Result "1-0"]
[WhiteElo "2611"]
[BlackElo "2387"]
[TimeControl "180+1"]
[EndTime "11:46:19 PDT"]
[Termination "zaur-mammadov won by resignation"]

1. e4 c5 2. c3 d5 3. exd5 Qxd5 4. d4 g6 5. Nf3 Nc6 6. Na3 cxd4 7. Bc4 Qd8 8. Nb5 e5 9. cxd4 a6 10. Qb3 Qe7 11.
Bg5 Qb4+ 12. Bd2 Qe7 13. Bg5 Qb4+ 14. Kf1 axb5 15. Bxf7+ Kd7 16. Nxe5+ Nxe5 17. Qe6+ Kc7 18. Qxe5+ Bd6 19. Qxh8 Bf5 20. Bxg8 Bd3+ 21. Kg1 Kb6 22. d5 Rf8 23. Be3+ Ka6 24. Qg7 Bc5 25. Qc3 Bxe3 26. fxe3 Qh4 27. Qa3+ Kb6 28. Qxf8 Be4 29. Qf2 Qg4 30. h3 Qg5 31. Be6 h5 32. h4 Qe5 33.
Rh3 g5 34. Rg3 g4 35. Rf1 b4 36. Qf4 Qxb2 37. Rf2 Qc1+ 38. Kh2 Bd3 39. Qd6+ Ka7 40. Qxb4 Ba6 41. Qd4+ Ka8 42. d6 Qc2 43. Rf8+ 1-0

[Event "*** SCC Grand Prix: Titled Tuesday Blitz"]
[Site "Chess.com"]
[Date "2020.06.23"]
[Round "9"]
[White "Biranidun"]
[Black "Titus369"]
[Result "1-0"]
[WhiteElo "2732"]
[BlackElo "2558"]
[TimeControl "180+1"]
[EndTime "11:46:20 PDT"]
[Termination "Biranidun won on time"]

1. e4 c5 2. Nf3 d6 3. d4 cxd4 4. Nxd4 Nf6 5. Nc3 a6 6. Be3 e6 7.
f3 Nbd7 8. g4 h6 9. Qd2 b5 10.
O-O-O b4 11. Nce2 Qc7 12. h4 d5 13. g5 hxg5 14. exd5 Nxd5 15. Bxg5 N7b6 16. Nf4 Bd6 17. Nxd5 Nxd5 18. Bd3 Bb7 19. Be4 Rc8 20. h5 Be5 21. Kb1 Qb6 22. Ka1 Qxd4 23. Qxd4 Bxd4 24. Rxd4 f6 25. Bd2 a5 26. a3 bxa3 27. bxa3 Bc6 28. Rg1 Ne7 29. Bxa5 Rxh5 30. Bb4 Bxe4 31. fxe4 Rxc2 32.
Kb1 Rc7 33. Rxg7 Rh1+ 34. Kb2 Rh2+ 35. Kb3 Nc6 36. Rxc7 Nxd4+ 37. Ka4 Rc2 38. Re7+ Kd8 39. Rf7 f5 40. exf5 Nxf5 41. Kb5 Rc8 42. Kb6 Rb8+ 43.
Kc6 Rc8+ 44. Kb7 Rc4 45. Kb6 Ke8 46. Rh7 1-0

[Event "*** SCC Grand Prix: Titled Tuesday Blitz"]
[Site "Chess.com"]
[Date "2020.06.23"]
[Round "9"]
[White "timator"]
[Black "124chess"]
[Result "1-0"]
[WhiteElo "2568"]
[BlackElo "2706"]
[TimeControl "180+1"]
[EndTime "11:46:20 PDT"]
[Termination "timator won by resignation"]

1. Nf3 e6 2. d4 d5 3. c4 c6 4. Nc3 dxc4 5. a4 Bb4 6. g3 b5 7.
Bg2 Bb7 8. O-O Nf6 9. Bg5 Bxc3 10. bxc3 Nbd7 11. Ne5 Nxe5 12. dxe5 Qxd1 13. Rfxd1 Nd5 14. Bxd5 exd5 15. a5 c5 16. a6 Bc6 17. Be3 b4 18. Bxc5 b3 19. Kf1 Kd7 20. Ke1 Ke6 21. f4 Rhc8 22. Bd4 Ba4 23. Rxa4 Rc6 24. Rb1 Kf5 25.
Kd2 Ke4 26. Kc1 h5 27. Kb2 h4 28. Rf1 Kf5 29. Ra5 hxg3 30. hxg3 Rh6 31. Rxd5 Rxa6 32.
Ra1 Rxa1 33. Kxa1 a5 34. Rc5 a4 35. Rxc4 a3 36. Rb4 b2+ 37. Ka2 Kg4 38. c4 Kxg3 39.
f5 Rd8 40. e3 Ra8 41. e6 fxe6 42. fxe6 g5 43. e7 Kf3 44. Rb5 g4 45. Rf5+ Ke2 46. Rf8 Kd1 47. Rxa8 Kc2 48. Rb8 1-0

[Event "*** SCC Grand Prix: Titled Tuesday Blitz"]
[Site "Chess.com"]
[Date "2020.06.23"]
[Round "9"]
[White "tamarozi99"]
[Black "ALEXJR20"]
[Result "1-0"]
[WhiteElo "2084"]
[BlackElo "2178"]
[TimeControl "180+1"]
[EndTime "11:46:20 PDT"]
[Termination "tamarozi99 won by checkmate"]

1. e4 Nc6 2. d4 d5 3. e5 Bf5 4. Nf3 e6 5. Bb5 Ne7 6. c3 a6 7. Ba4 b5 8. Bc2 Qd7 9. a4 b4 10. a5 Rb8 11. Ba4 h5 12. h3 Ng6 13. Nh4 Nge7 14.
Nd2 g5 15. Nxf5 Nxf5 16. Nf3 bxc3 17. bxc3 Be7 18. Bxg5 Bxg5 19. Nxg5 Kf8 20. Rb1 Rxb1 21.
Qxb1 Qe7 22. Ne4 dxe4 23. Bxc6 e3 24. Qe4 Qa3 25. O-O Qxc3 26. fxe3 Qxe3+ 27. Qxe3 Nxe3 28. Rb1 Ke7 29. Rb7 Rg8 30. Kf2 Nxg2 31. Rxc7+ Kd8 32. Ra7 Rg5 33. Rxa6 Kc7 34. Bxg2 Rf5+ 35. Bf3 Rf4 36. Rb6 Rxd4 37. Rb1 Rd2+ 38. Ke3 Rh2 39. Rb7+ Kc8 40. Rxf7 Rxh3 41. a6 Rh4 42. a7 Ra4 43. a8=Q+ Rxa8 44. Bxa8 Kb8 45. Bh1 h4 46. Kf4 h3 47. Kg3 h2 48.
Kxh2 Kc8 49. Kg3 Kd8 50. Rh7 Ke8 51. Rb7 Kd8 52. Kf4 Kc8 53. Kg5 Kd8 54. Kf6 Kc8 55.
Kxe6 Kd8 56. Kd6 Kc8 57. Kc6 Kd8 58. Rc7 Ke8 59. Rd7 Kf8 60. Kd6 Ke8 61. Ke6 Kf8 62.
Re7 Kg8 63. Rf7 Kh8 64. Kf6 Kg8 65. e6 Kh8 66. e7 Kg8 67. e8=Q# 1-0

[Event "*** SCC Grand Prix: Titled Tuesday Blitz"]
[Site "Chess.com"]
[Date "2020.06.23"]
[Round "9"]
[White "Grandmaster2B"]
[Black "Fortitudine"]
[Result "1-0"]
[WhiteElo "2412"]
[BlackElo "2271"]
[TimeControl "180+1"]
[EndTime "11:46:21 PDT"]
[Termination "Grandmaster2B won on time"]

1. e4 c5 2. Nf3 d6 3. d4 cxd4 4. Nxd4 Nf6 5. Nc3 Nc6 6. f3 e5 7. Nb3 a5 8. a4 Be6 9. Nd5 Be7 10.
Be3 Bxd5 11. exd5 Nb4 12. Bb5+ Nd7 13. c3 Na6 14. O-O O-O 15. Nxa5 Qxa5 16. Bxd7 Nc7 17.
b4 Qxd5 18. Bb6 Qxd1 19. Raxd1 Na6 20. Rfe1 Nb8 21. Bf5 Rxa4 22. Bc7 Ra3 23. Bxd6 Bxd6 24. Rxd6 Rxc3 25. Rxe5 Nc6 26. Rb5 Rc4 27. Rxb7 Nxb4 28. Rdd7 Nc6 29. Rbc7 Ne5 30. Rxc4 Nxc4 31. f4 Nb6 32. Rb7 Nd5 33. g3 Nf6 34. Bd3 g6 35. Bc4 h5 36. h3 Kg7 37. Kg2 Nh7 38. g4 hxg4 39. hxg4 Nf6 40. Kf3 g5 41. fxg5 Nh7 42. Kf4 Kg6 43. Bd3+ Kg7 44. Bf5 Ra8 45. g6 1-0

[Event "*** SCC Grand Prix: Titled Tuesday Blitz"]
[Site "Chess.com"]
[Date "2020.06.23"]
[Round "9"]
[White "Parhamov"]
[Black "Fandorine"]
[Result "1-0"]
[WhiteElo "3069"]
[BlackElo "2895"]
[TimeControl "180+1"]
[EndTime "11:46:22 PDT"]
[Termination "Parhamov won by resignation"]

1. d4 Nf6 2. c4 g6 3. g3 Bg7 4. Bg2 O-O 5. Nf3 d6 6. O-O Nc6 7. Nc3 a6 8. b3 Rb8 9. Bb2 Bd7 10.
d5 Na5 11. Qc2 c5 12. dxc6 bxc6 13. e4 Bg4 14. Na4 c5 15. e5 Bf5 16. Qe2 Ne8 17. Rad1 Qc7 18. Rfe1 Nc6 19. exd6 exd6 20. h3 Nf6 21. Qd2 Rbd8 22. g4 Bc8 23. Qf4 Ne8 24. Bxg7 Nxg7 25. Ng5 h6 26. Ne4 f5 27. Nxd6 Kh7 28.
gxf5 Bxf5 29. Qg3 Nd4 30. Nxf5 Ne2+ 31. Rxe2 Rxd1+ 32. Kh2 Qxg3+ 33. Nxg3 h5 34. Nxc5 h4 35. Nge4 Nh5 36. Ne6 Rf5 37. Bf3 Rd3 38. Bg4 Ra5 39.
c5 1-0

[Event "*** SCC Grand Prix: Titled Tuesday Blitz"]
[Site "Chess.com"]
[Date "2020.06.23"]
[Round "9"]
[White "sotochess"]
[Black "LuisFSiles"]
[Result "1-0"]
[WhiteElo "2476"]
[BlackElo "2326"]
[TimeControl "180+1"]
[EndTime "11:46:23 PDT"]
[Termination "sotochess won by resignation"]

1. e4 c5 2. Nf3 d6 3. d4 cxd4 4.
Nxd4 Nf6 5. f3 Nc6 6. c4 g6 7. Nc3 Bg7 8. Nc2 O-O 9. Be3 Be6 10. Qd2 Nd7 11. Rc1 Qa5 12. Nd4 Nxd4 13. Bxd4 Bxd4 14. Qxd4 Qc5 15. Qxc5 dxc5 16. Nd5 Bxd5 17. cxd5 b6 18.
Bb5 Rfd8 19. Ke2 g5 20. g3 Kg7 21. a3 Kf6 22. b4 Rac8 23. Ke3 e6 24. dxe6 Kxe6 25.
Rhd1 Ke7 26. Rd5 f6 27. Rcd1 Nf8 28. bxc5 bxc5 29. f4 gxf4+ 30. gxf4 Ne6 31. Rd7+ Kf8 32. R1d6 Rxd7 33. Bxd7 Rd8 34. Rxe6 Rxd7 35. Rxf6+ Ke7 36. Rc6 Rb7 37. Rxc5 Rb3+ 38. Kd4 Rxa3 39. Rc7+ Kd6 40. Rxh7 Ra4+ 41. Ke3 Ra3+ 42. Ke2 Kc5 43. Rd7 Ra2+ 44.
Rd2 Ra4 45. Kf3 Ra3+ 46. Kg4 Ra5 47. e5 Ra4 48. e6 Kc6 49. Kf5 Re4 50. Kxe4 1-0

[Event "*** SCC Grand Prix: Titled Tuesday Blitz"]
[Site "Chess.com"]
[Date "2020.06.23"]
[Round "9"]
[White "kuban1991"]
[Black "GMBenjaminBok"]
[Result "1-0"]
[WhiteElo "2743"]
[BlackElo "2837"]
[TimeControl "180+1"]
[EndTime "11:46:24 PDT"]
[Termination "kuban1991 won on time"]

1. Nf3 d5 2. g3 c6 3. Bg2 Bg4 4. Ne5 Bh5 5. d4 e6 6. O-O Nd7 7. c4 Nxe5 8. dxe5 Bc5 9. cxd5 cxd5 10. Nc3 Ne7 11. Qb3 Qb6 12. e4 d4 13. Na4 Qxb3 14.
axb3 Bb4 15. Nb6 Rb8 16. Nc4 Be2 17. Rxa7 Nc6 18. Ra1 O-O 19. f4 Ra8 20. Rb1 Bd3 21.
Bd2 Bxd2 22. Nxd2 Bxb1 23. Rxb1 b5 24. Bf1 Rab8 25. Kf2 Nb4 26. Rc1 Rfc8 27. Rxc8+ Rxc8 28. Bxb5 Rc2 29. Ke1 Rxb2 30. f5 Na2 31. Bc4 Kf8 32. fxe6 fxe6 33. Bxe6 Nc3 34. Bc4 Rc2 35. e6 Ke7 36. h4 Rc1+ 37. Kf2 Rc2 38. Ke1 Rb2 39. Nf3 Nxe4 40. Nxd4 1-0

[Event "*** SCC Grand Prix: Titled Tuesday Blitz"]
[Site "Chess.com"]
[Date "2020.06.23"]
[Round "9"]
[White "Colombiano07"]
[Black "alexsergeyev"]
[Result "1-0"]
[WhiteElo "2243"]
[BlackElo "2356"]
[TimeControl "180+1"]
[EndTime "11:46:24 PDT"]
[Termination "Colombiano07 won on time"]

1. Nf3 d5 2. b3 Nc6 3. Bb2 f6 4. d4 Bf5 5. e3 e6 6. Bd3 Nh6 7. O-O Bd6 8. Re1 O-O 9. Nc3 a6 10. e4 dxe4 11. Nxe4 Qd7 12. c4 Rad8 13. Nxd6 Qxd6 14.
Qe2 Rfe8 15. Rad1 Qf4 16. Bc1 Bxd3 17. Rxd3 Qf5 18. Bxh6 gxh6 19. h3 Kf7 20. Qe3 Rg8 21. Rd2 e5 22. d5 Ne7 23. Qxh6 Rg7 24. Nh4 Qg5 25. Qxg5 Rxg5 26. Rde2 Rdg8 27. f4 Rh5 28. Nf3 Rxh3 29. Kf2 Rhg3 30. Kf1 Nf5 31. fxe5 R3g4 32. Rf2 Ng3+ 33. Kg1 f5 34. e6+ Ke7 35. Nh2 Rd4 36.
Rf3 Rd2 37. Nf1 1-0

[Event "*** SCC Grand Prix: Titled Tuesday Blitz"]
[Site "Chess.com"]
[Date "2020.06.23"]
[Round "9"]
[White "bascheyaro"]
[Black "Sanan_Sjugirov"]
[Result "0-1"]
[WhiteElo "2727"]
[BlackElo "2871"]
[TimeControl "180+1"]
[EndTime "11:46:25 PDT"]
[Termination "Sanan_Sjugirov won by resignation"]

1. d4 Nf6 2. c4 g6 3. Nf3 Bg7 4. Nc3 O-O 5. Bf4 d6 6. e3 Nh5 7.
Bg5 Nd7 8. Nd5 Re8 9. Be2 h6 10. Bh4 c6 11. Nc3 g5 12. Bg3 Ndf6 13. d5 cxd5 14.
cxd5 Bf5 15. Nd4 Bg6 16. h4 Nxg3 17. fxg3 Qa5 18. hxg5 Nxd5 19. gxh6 Nxc3 20. bxc3 Qxc3+ 21. Kf2 Bf6 22. Rc1 Qa3 23. Nb5 Qxa2 24. Nc7 Kh7 25.
Ra1 Qxa1 26. Qxa1 Bxa1 27. Rxa1 a6 28. Bf3 Rec8 29. Nxa8 Rxa8 30. Bxb7 Ra7 31. Bxa6 Kxh6 32. Ra4 Kg7 33. Bb5 Rb7 34. Ra5 e6 35. Kf3 d5 36.
Kf2 Kf6 37. Ke1 Be4 38. Kf2 Ke5 39. g4 f6 40. Kg3 Rc7 41. Ra3 Rc2 42. Bf1 Rb2 43.
Ra6 Rb3 44. Kf2 Rb2+ 45. Kg3 Rb1 46. Kf2 Rxf1+ 0-1

[Event "*** SCC Grand Prix: Titled Tuesday Blitz"]
[Site "Chess.com"]
[Date "2020.06.23"]
[Round "9"]
[White "Paladin61"]
[Black "otrov-11"]
[Result "1-0"]
[WhiteElo "2541"]
[BlackElo "2383"]
[TimeControl "180+1"]
[EndTime "11:46:25 PDT"]
[Termination "Paladin61 won on time"]

1. b3 Nf6 2. Bb2 b6 3. Nf3 Bb7 4. g3 g6 5. Bg2 Bg7 6. O-O O-O 7. c4 c5 8. Nc3 Nc6 9. d4 Nxd4 10. Nxd4 Bxg2 11.
Kxg2 cxd4 12. Qxd4 d5 13. cxd5 Nxd5 14. Qxd5 Qxd5+ 15.
Nxd5 Bxb2 16. Nxe7+ Kg7 17. Rab1 Ba3 18. Nd5 Rfd8 19.
Rfd1 Rac8 20. Ne3 Re8 21. Kf3 Rc3 22. Rd3 Rec8 23. Rbd1 a5 24. Nc4 Rxd3+ 25. Rxd3 Bc5 26. a4 Rc7 27. Rd5 Kf8 28. Rd8+ Kg7 29. Rb8 Rc6 30. e3 h5 31. h4 Re6 32. Rb7 Kg8 33. Ke2 Kf8 34. Rc7 Bb4 35. Rb7 Bc5 36. Kd3 Kg8 37. f4 Re8 38. Rd7 Re6 39. Ne5 f6 40. Nc4 Kf8 41.
e4 1-0

[Event "*** SCC Grand Prix: Titled Tuesday Blitz"]
[Site "Chess.com"]
[Date "2020.06.23"]
[Round "9"]
[White "antoszu"]
[Black "kushagramohan"]
[Result "0-1"]
[WhiteElo "2547"]
[BlackElo "2721"]
[TimeControl "180+1"]
[EndTime "11:46:26 PDT"]
[Termination "kushagramohan won by checkmate"]

1. d4 Nf6 2. c4 g6 3. Nc3 Bg7 4.
e4 d6 5. Be2 O-O 6. Bg5 c5 7. d5 h6 8. Be3 e6 9. Qd2 exd5 10.
exd5 Kh7 11. h4 Re8 12. h5 g5 13. Nh3 Ng4 14. Bxg5 hxg5 15. Nxg5+ Kg8 16. Nge4 Bf5 17. f3 Ne5 18. g4 Nxg4 19. h6 Bd4 20. Qf4 Bxe4 21.
Nxe4 Qa5+ 22. Nd2 Nf6 23. Qg5+ Kf8 24. h7 Nxh7 25. Rxh7 Nd7 26. Qh6+ Ke7 27. Qe6+ Kd8 28. Qxf7 Ne5 29. Qf6+ Kc8 30. Qxd6 Nxf3+ 31. Kf1 Nxd2+ 32.
Kg2 Rxe2+ 33. Kh1 Qd8 34. Qg6 Re7 35. Qg4+ Kb8 36. Rxe7 Qxe7 37. d6 Qxd6 38. Qg8+ Kc7 39. Qxa8 Qh6+ 40. Kg2 Qg5+ 41. Kh3 Qh5+ 42. Kg2 Be5 43.
Rh1 Qf3+ 44. Kg1 Qg3# 0-1

[Event "*** SCC Grand Prix: Titled Tuesday Blitz"]
[Site "Chess.com"]
[Date "2020.06.23"]
[Round "9"]
[White "Artyom_ChessMate"]
[Black "XDPS"]
[Result "0-1"]
[WhiteElo "2514"]
[BlackElo "2680"]
[TimeControl "180+1"]
[EndTime "11:46:26 PDT"]
[Termination "XDPS won by resignation"]

1. e4 c5 2. Nc3 a6 3. g3 g6 4. Bg2 Bg7 5. d3 Nc6 6. Be3 d6 7. Qd2 e5 8. Nge2 h5 9. h3 Be6 10. O-O Nge7 11. f4 Nd4 12. Nd1 Qd7 13. Kh2 f5 14. c3 Ndc6 15. Nf2 h4 16. g4 fxg4 17. hxg4 h3 18. Bh1 exf4 19. Bxf4 Ne5 20. g5 d5 21.
Rad1 d4 22. cxd4 cxd4 23. Rc1 N7c6 24. a3 O-O 25. b4 Rf7 26. Bg3 Raf8 27. Nf4 Bg4 28.
Rc5 Bf3 29. Rd5 Qe7 30. N4xh3 Bxh1 31. Kxh1 Rf3 32. Kg2 Rxd3 33. Qe2 Re3 34. Qd2 Nc4 35. Qa2 b5 36. a4 Ra3 37. Qb1 Ne3+ 38. Kg1 Nxd5 39.
exd5 Rxg3+ 40. Kh2 Qe3 41. dxc6 Be5 42. Kh1 Rxh3+ 43.
Nxh3 Qxh3+ 44. Kg1 0-1

[Event "*** SCC Grand Prix: Titled Tuesday Blitz"]
[Site "Chess.com"]
[Date "2020.06.23"]
[Round "9"]
[White "bazar-wokzal"]
[Black "novendrapriasmoro"]
[Result "0-1"]
[WhiteElo "2423"]
[BlackElo "2604"]
[TimeControl "180+1"]
[EndTime "11:46:26 PDT"]
[Termination "novendrapriasmoro won on time"]

1. e4 c5 2. c3 Nc6 3. d4 cxd4 4. cxd4 d5 5. exd5 Qxd5 6. Nf3 e6 7. a3 Nf6 8. Nc3 Qd8 9. Be3 Be7 10. Bd3 O-O 11.
Qc2 h6 12. O-O Bd7 13. Rad1 Rc8 14. Qd2 Ng4 15. Bb1 Nxe3 16. fxe3 Bf6 17. Ne4 Be7 18. b4 f5 19. Nc5 b6 20. Nxd7 Qxd7 21. Ba2 Kh7 22.
Bb3 Bf6 23. Qa2 Rce8 24. Rc1 Qd6 25. Rc2 e5 26. Rfc1 Nb8 27. dxe5 Bxe5 28. Rd2 Qf6 29. Qb1 Kh8 30. Rd5 Bb2 31. Rc7 Rxe3 32. Bc2 Be5 33. Rxa7 Nc6 34. Rb7 Nd4 35. Nxd4 Bxd4 36. Kh1 Qe6 37. h3 Re1+ 0-1